 Dungeon Sprint DCSS version 0.19.5 (webtiles) character file.

703 Snowbourne the Imperceptible (level 7, -7/32 HPs)
             Began as a Spriggan Enchanter on May 12, 2017.
             Mangled by a neqoxec (12 damage)
             ... in the Dungeon (Sprint II: "The Violet Keep of Menkaure").
             The game lasted 00:01:42 (463 turns).

Snowbourne the Imperceptible (Spriggan Enchanter)    Turns: 463, Time: 00:01:42

Health: -7/32      AC:  3    Str:  4      XL:     7   Next: 39%
Magic:  10/12      EV: 18    Int: 16 (17) God:
Gold:   729        SH:  0    Dex: 18      Spells: 4 memorised, 2 levels left

rFire  . . .     SeeInvis +     a - +1 dagger
rCold  . . .     Gourm    .     b - +1 robe
rNeg   . . .     Faith    .     (shield restricted)
rPois  .         Spirit   .     (helmet restricted)
rElec  .         Reflect  .     (no cloak)
rCorr  .         Harm     .     (gloves unavailable)
MR     +....     NoTele   +     (boots unavailable)
Stlth  ++++++++..               (no amulet)
                                (no ring)
                                (no ring)

@: very slightly contaminated, very quick
A: unfitting armour, see invisible, herbivore 3, speed 3, slow metabolism 2
a: no special abilities


You were in the Dungeon.
You were not hungry.

You visited 1 branch You collected 729 gold pieces.

Inventory:

Hand Weapons
 a - a +1 dagger (weapon)
Armour
 b - a +1 robe (worn)
Scrolls
 j - a scroll of blinking
Potions
 e - a potion of curing
 f - a potion of heal wounds
 g - a potion of haste
 h - a potion of magic
Books
 c - a book of Maledictions

   Spells                             Type                      Level
   a - Corona                         Hexes                        1
   b - Ensorcelled Hibernation        Hexes/Ice                    2
   c - Confuse                        Hexes                        3
   d - Tukima's Dance                 Hexes                        3
   e - Dazzling Spray                 Conjuration/Hexes            3
Comestibles
 d - a bread ration


   Skills:
 - Level 1.1 Short Blades
 - Level 3.0 Dodging
 + Level 22.2 Stealth
 - Level 2.6 Spellcasting
 - Level 3.6 Hexes


You had 2 spell levels left.
You knew the following spells:

 Your Spells              Type           Power        Failure   Level  Hunger
a - Corona                Hex            ##.....      6%          1    #......
b - Ensorcelled Hibernat  Hex/Ice        #.....       17%         2    ##.....
c - Confuse               Hex            ##......     14%         3    ###....
d - Dazzling Spray        Conj/Hex       #.....       34%         3    ###....


Dungeon Overview and Level Annotations

Branches:
Dungeon (1/1)

Altars:


Innate Abilities, Weirdness & Mutations

You are very small and have problems with some larger weapons.
You are too small for most types of armour.
You have supernaturally acute eyesight. (SInv)
You are a herbivore.
You cover ground extremely quickly.
You need consume almost no food.


Message History

The neqoxec misses you. The iron imp misses you.
You hit the iron imp but do no damage.
The iron imp is moderately wounded.
The neqoxec barely misses you. The iron imp barely misses you.
You hit the iron imp but do no damage.
The iron imp is moderately wounded.
The neqoxec hits you! The iron imp hits you!
* * * LOW HITPOINT WARNING * * *
Magic courses through your body. The neqoxec barely misses you.
The iron imp hits you.
* * * LOW HITPOINT WARNING * * *
Casting: Ensorcelled Hibernation
Confirm with . or Enter, or press ? or * to list all spells.
Aiming: Ensorcelled Hibernation
Press: ? - help, Shift-Dir - straight line, f/p - neqoxec
Aim: a neqoxec (chance to defeat MR: 23%)
You miscast Ensorcelled Hibernation.
You are very lightly contaminated with residual magic.
Nothing appears to happen.
The neqoxec hits you!
You die...

#+##
##.#.##
#.###.#
####.#.##
#3###'##
#3##.####
#@5<.'.##+
###.##...#
##'###.##
##...####
#..#).#
##...##
##+##


You could see 2 neqoxecs and an iron imp.

Vanquished Creatures
  A siren (D)
  2 hippogriffs (D)
  2 worms (D)
5 creatures vanquished.

Vanquished Creatures (others)
  A crocodile (D)
1 creature vanquished.

Grand Total: 6 creatures vanquished

Notes
Turn   | Place    | Note
-------+----------+-------------------------------------------
     0 | D        | Snowbourne the Spriggan Enchanter began the quest for the Orb.
     0 | D        | Reached XP level 1. HP: 9/9 MP: 5/5
     1 | D        | Noticed a hippogriff
     1 | D        | Noticed a hippogriff
     9 | D        | Reached skill level 6 in Stealth
    12 | D        | Reached skill level 7 in Stealth
    36 | D        | Killed a crocodile
    92 | D        | Noticed a siren
   119 | D        | Killed a siren
   119 | D        | Reached skill level 19 in Stealth
   119 | D        | Reached XP level 2. HP: 13/13 MP: 6/6
   119 | D        | Reached XP level 3. HP: 16/16 MP: 8/8
   119 | D        | Reached XP level 4. HP: 21/21 MP: 9/9
   119 | D        | Reached XP level 5. HP: 24/24 MP: 10/10
   119 | D        | Reached XP level 6. HP: 28/28 MP: 11/11
   128 | D        | Learned a level 2 spell: Ensorcelled Hibernation
   132 | D        | Learned a level 3 spell: Confuse
   136 | D        | Learned a level 3 spell: Dazzling Spray
   144 | D        | Killed a hippogriff
   144 | D        | Reached skill level 20 in Stealth
   144 | D        | Reached XP level 7. HP: 32/32 MP: 9/12
   150 | D        | Killed a hippogriff
   150 | D        | Reached skill level 22 in Stealth
   449 | D        | Noticed a neqoxec
   453 | D        | Noticed a neqoxec
   463 | D        | Mangled by a neqoxec

Skill      XL: |  1  2  3  4  5  6  7 |
---------------+----------------------+-----
Stealth        | 19 20 22 | 22.2
Short Blades   | |  1.1
Dodging        | |  3.0
Spellcasting   | |  2.6
Hexes          | |  3.6

Action                   |  1- 3 |  4- 6 |  7- 9 || total
-------------------------+-------+-------+-------++-------
Melee: Dagger            |    31 |     1 |     6 ||    38
 Cast: Ensorcelled Hiber |       |     1 |    10 ||    11
  Use: Potion            |     1 |       |     1 ||     2
 Stab: Sleeping          |     1 |     1 |     1 ||     3
Dodge: Dodged            |     1 |       |    15 ||    16
